 Dungeon Crawl Stone Soup version 0.17-a0-1830-g81820eb (webtiles) character file.

1326 Neuromancien059 the Ducker (level 8, -2/62 HPs)
             Began as a Demonspawn Berserker on Sept 13, 2015.
             Was an Elder of Trog.
             Killed by divine providence
             ... invoked by an orc priest
              (10 damage)
             ... on level 6 of the Dungeon.
             The game lasted 01:04:24 (3563 turns).

Neuromancien059 the Ducker (Demonspawn Berserker)   Turns: 3563, Time: 01:04:24

Health: -2/62      AC: 12    Str: 18    XL:     8   Next: 34%
Magic:  8/8        EV: 23    Int: 17    God:    Trog [****..]
Gold:   133        SH:  0    Dex: 26    Spells: 0 memorised, 7 levels left

rFire  x . .     SeeInvis .     y - +2 great sword (freeze)
rCold  . . .     Clarity  .     x - +5 ring mail of the Voivode {rPois rF- MR- Int+9}
rNeg   . . .     SustAt   .     (no shield)
rPois  +         Gourm    .     z - +0 helmet
rElec  .         Spirit   .     (no cloak)
rCorr  .         Warding  .     (no gloves)
rMut   .         Stasis   .     (no boots)
MR     +....                    F - amulet of regeneration
Stlth  ++++......               B - +6 ring of dexterity
                                n - ring of stealth

@: agile, regenerating, somewhat resistant to hostile enchantments, stealthy
A: repulsion field 1, demonic guardian 1, powered by pain 2
a: Burn Spellbooks, Berserk, Trog's Hand, Brothers in Arms, Renounce Religion


You were on level 6 of the Dungeon.
You worshipped Trog.
Trog was greatly pleased with you.
You were not hungry.

You visited 1 branch of the dungeon, and saw 6 of its levels.

You collected 133 gold pieces.

Inventory:

Hand weapons
 e - a +3 dagger
 y - a +2 great sword of freezing (weapon)
Armour
 b - a +0 animal skin
 w - a +3 ring mail
 x - the +5 ring mail of the Voivode (worn) {rPois rF- MR- Int+9}
   (You took it off an orc on level 4 of the Dungeon)

   It affects your intelligence (+9).
   It makes you vulnerable to fire.
   It protects you from poison.
   It affects your resistance to hostile enchantments.
 z - a +0 helmet (worn)
Jewellery
 n - a ring of stealth (left hand)
 v - an uncursed amulet of warding
 B - a +6 ring of dexterity (right hand)
 F - an amulet of regeneration (around neck)
Magical devices
 u - a wand of magic darts (13)
 G - a wand of magic darts (19)
Scrolls
 g - a scroll of fog {unknown}
 k - a scroll of enchant armour {unknown}
 l - 4 scrolls of identify
 m - a scroll of recharging {unknown}
 q - 3 scrolls of noise
 s - 3 scrolls of remove curse
 D - a scroll of teleportation
Potions
 h - a potion of haste {unknown}
 i - a potion of resistance {unknown}
 o - a potion of lignification {unknown}
 p - a potion of agility {unknown}
 r - 2 potions of curing {unknown}
 t - 4 potions of heal wounds {unknown}
 A - a potion of berserk rage {unknown}
 H - 2 potions of cure mutation {unknown}
 I - a potion of might {unknown}
Comestibles
 c - 5 bread rations
 j - 3 fruits
 C - 4 meat rations
 E - 7 chunks of flesh


   Skills:
 + Level 5.0 Fighting
 + Level 1.6(3.0) Short Blades
 + Level 3.7(4.0) Long Blades
   Level 3.1 Axes
 + Level 4.2 Armour
 + Level 5.4 Dodging
 + Level 2.8 Stealth


You had 7 spell levels left.
You didn't know any spells.

Dungeon Overview and Level Annotations

Branches:
Dungeon (6/15)
 Temple: D:4-7

Altars:
Fedhas
Kikubaaqudgha
Trog
Zin


Innate Abilities, Weirdness & Mutations

You are surrounded by a mild repulsion field (EV +2).
A weak demonic guardian rushes to your aid.
You sometimes gain power by taking damage.


Message History

You are too injured to fight recklessly!
You are too injured to fight recklessly!
The orc priest looks braver for a moment.
You swap places.
Your crimson imp hits the orc priest.
Use which ability?
Your skin crawls.
You feel resistant to hostile enchantments.
You feel slightly more hungry.
The orc priest hits your crimson imp with a dagger.
Your crimson imp barely misses the orc priest.
You swap places.
The orc priest calls down the wrath of Beogh upon you.
Something smites you!
* * * LOW HITPOINT WARNING * * *
You focus on the pain.
You feel agile all of a sudden.
Your crimson imp hits the orc priest.
The orc priest calls down the wrath of Beogh upon you.
Something smites you!
You die...

#.# #.# #.####
#.# #o#..# #.#
#o#..# #.#
#.#..# #.#
#o#..# #.#
#5#..# #.#
#.###5#..# #.#
#...@....# #.#
#####.#..# #.#
#.#..# #.#
#.#.## #.#
#.#.. #.#
#.#########.##
#............#
##############


You could see 3 orc priests and 2 friendly crimson imps.

Vanquished Creatures
  A phantom (D:5)
  An ogre (D:5)
  A centaur (D:5)
  Blork the orc (D:4)
  3 wights (D:3)
  2 crimson imps
  2 orc priests
  3 iguanas
  Natasha (D:2)
  5 orc wizards
  3 worker ants
  Robin (D:3)
  2 adders (D:4)
  A worker ant zombie (D:5)
  An ooze (D:5)
  An adder skeleton (D:4)
  4 worms
  3 giant geckos
  17 orcs
  A ball python (D:3)
  12 hobgoblins
  5 jackals
  7 kobolds
  3 quokkas
  A ball python zombie (D:5)
  7 bats
  3 giant cockroaches
  3 giant newts
  17 goblins
  A jackal skeleton (D:4)
  21 rats
134 creatures vanquished.

Vanquished Creatures (collateral kills)
  Menkaure (D:4)
  A water moccasin (D:5)
  An ice beast (D:5)
  2 wights (D:3)
  A giant newt (D:4)
6 creatures vanquished.

Grand Total: 140 creatures vanquished

Notes
Turn   | Place    | Note
--------------------------------------------------------------
     0 | D:1      | Neuromancien059 the Demonspawn Berserker began the quest for the Orb.
     0 | D:1      | Reached XP level 1. HP: 18/18 MP: 1/1
   312 | D:1      | Gained mutation: You are surrounded by a mild repulsion field (EV +2). [demonic ancestry]
   312 | D:1      | Reached XP level 2. HP: 22/24 MP: 2/2
   796 | D:2      | Found a blossoming altar of Fedhas.
   828 | D:2      | Acquired Trog's second power
   828 | D:2      | Gained mutation: A weak demonic guardian rushes to your aid. [demonic ancestry]
   828 | D:2      | Reached XP level 3. HP: 18/29 MP: 3/3
   843 | D:2      | Found a glowing silver altar of Zin.
   940 | D:2      | Found an ancient bone altar of Kikubaaqudgha.
   941 | D:2      | Found a bloodstained altar of Trog.
  1111 | D:2      | Noticed Natasha
  1126 | D:2      | Killed Natasha
  1708 | D:3      | Gained mutation: You sometimes gain a little power by taking damage. [demonic ancestry]
  1708 | D:3      | Reached XP level 4. HP: 35/35 MP: 4/4
  1819 | D:3      | Reached skill level 1 in Short Blades
  1819 | D:3      | Reached skill level 1 in Stealth
  1843 | D:3      | Reached XP level 5. HP: 21/41 MP: 5/5
  2061 | D:3      | Noticed Robin
  2090 | D:3      | Killed Robin
  2097 | D:3      | Gained mutation: You sometimes gain power by taking damage. [demonic ancestry]
  2097 | D:3      | Reached XP level 6. HP: 42/47 MP: 6/6
  2457 | D:4      | Noticed Menkaure
  2465 | D:4      | Killed Menkaure
  2465 | D:4      | Reached skill level 4 in Fighting
  2465 | D:4      | Reached skill level 1 in Long Blades
  2510 | D:4      | Reached XP level 7. HP: 24/54 MP: 7/7
  2521 | D:4      | Received a gift from Trog
  2522 | D:4      | Got an amber-studded ring mail
  2540 | D:4      | Identified the +5 ring mail of the Voivode {rPois rF- MR- Int+9} (You took it off an orc on level 4 of the Dungeon)
  2577 | D:4      | Noticed Blork the orc
  2606 | D:4      | Killed Blork the orc
  3054 | D:5      | Entered Level 5 of the Dungeon
  3110 | D:5      | Reached skill level 5 in Dodging
  3131 | D:5      | Reached XP level 8. HP: 54/61 MP: 8/8
  3368 | D:5      | Acquired Trog's third power
  3404 | D:5      | Reached skill level 5 in Fighting
  3563 | D:6      | Killed from afar by an orc priest

Vault maps used:
D:1:      saegor_arrival_simple_c
D:2:      zin_academy, gammafunk_temple_overflow_pools, st_stairs_1,
          fedhas_altar_2, uniq_natasha
D:3:      first_bread, uniq_robin
D:4:      minmay_rat_hole, uniq_blork_the_orc, uniq_menkaure
D:6:      grunt_temple_overflow_open, minmay_temple_entry_butterflies,
          uniq_duvessa, uniq_sigmund

Action                   |  1- 3 |  4- 6 |  7- 9 || total
-------------------------+-------+-------+-------++-------
Melee: Hand axe          |    28 |       |       ||    28
       Dagger            |   148 |    28 |       ||   176
       Great sword       |       |   113 |   134 ||   247
Invok: Trog's Hand       |       |     3 |     3 ||     6
       Berserk           |       |     1 |       ||     1
  Use: Scroll            |       |     6 |     1 ||     7
 Stab: Sleeping          |     2 |     1 |     6 ||     9
       Distracted        |       |     1 |       ||     1
  Eat: Chunk             |     2 |       |     2 ||     4
       Meat ration       |     1 |       |       ||     1
       Bread ration      |       |       |     1 ||     1
